AoeStats
← MazQ

Arabia

509707601Analyzed
2v2 RM · 4d ago on Sep 27, 2026· 45m 10s· 4 players
Game mode
Random Map
Map size
Medium (4 player)
Population
200
Speed
Normal
Resources
Standard
Victory
Conquest
Starting age
Dark Age
Ending age
Imperial Age
RankedLock teamsTeams togetherTeam positionsShared explorationLock speedFull tech treeHidden civsTurbo modeCheats
Victory
Defeat
🇲🇽 Saracens · Mexico
1005
+16
🇲🇽 Britons · Mexico
963
+18
🇹🇷 Magyars · Türkiye
1006
-17
🇹🇷 Bohemians · Türkiye
1005
-17
[TMX] Superoxide
6:55 Loom
10:11 Feudal Age
10:38 Double-Bit Axe
16:52 Fletching
21:49 Castle Age
21:22 Padded Archer Armor
21:51 Scale Mail Armor
21:54 Crossbowman
22:38 Squires
22:00 Man-at-Arms
22:01 Pikeman
22:43 Squires
23:36 Bodkin Arrow
25:02 Leather Archer Armor
29:36 Elite Skirmisher
31:20 Bow Saw
32:13 Stone Mining
33:20 Wheelbarrow
40:04 Imperial Age
37:50 Hand Cart
37:21 Town Watch
37:55 Hand Cart
40:22 Arbalester
40:59 Gold Mining
42:10 Two-Man Saw
41:19 Siege Engineers
42:02 Bracer
42:31 Murder Holes
43:17 Ballistics
44:26 Gold Shaft Mining
43:33 Horse Collar
44:10 Guard Tower
45:21 Chemistry
44:56 Ring Archer Armor
KILLERKJ7
6:28 Loom
8:56 Feudal Age
8:59 Man-at-Arms
11:11 Town Watch
18:00 Wheelbarrow
20:19 Castle Age
20:23 Scale Barding Armor
20:22 Gold Mining
20:19 Double-Bit Axe
20:17 Horse Collar
24:24 Husbandry
26:45 Chain Barding Armor
27:18 Bow Saw
30:55 Bloodlines
31:59 Forging
37:34 Heavy Plow
43:02 Wheelbarrow
46:05 Imperial Age
MazQ
1:33 Loom
7:42 Loom
11:03 Feudal Age
27:57 Castle Age
28:34 Elite Skirmisher
34:50 Pikeman
✪CheckMate
5:50 Loom
9:07 Feudal Age
9:43 Double-Bit Axe
19:17 Castle Age
21:04 Bow Saw
26:05 Fletching
Connection lost

Rejoining the realm…

Still unreachable

The connection could not be restored.

Session expired

The server has moved on; the page needs a fresh start.